 Dungeon Crawl Stone Soup version 0.22-a0-430-g6609fc6 (webtiles) character file.

1310 MisterFreud the Insei (level 8, -2/48 HPs)
             Began as an Octopode Transmuter on May 26, 2018.
             Was a Follower of Cheibriados.
             Slain by an orc warrior
             ... wielding a +0 hand axe
              (18 damage)
             ... on level 7 of the Dungeon.
             The game lasted 00:14:47 (6029 turns).

MisterFreud the Insei (Octopode Transmuter)         Turns: 6029, Time: 00:14:48

Health: -2/48      AC:  2    Str: 12    XL:     8   Next: 58%
Magic:  0/14       EV: 25    Int: 19    God:    Cheibriados [*.....]
Gold:   185        SH:  0    Dex: 19    Spells: 9/15 levels left

rFire    . . .     SeeInvis .     - Unarmed
rCold    . . .     Gourm    .   (shield currently unavailable)
rNeg     . . .     Faith    .   (helmet currently unavailable)
rPois    x         Spirit   +   z - amulet of guardian spirit
rElec    .         Reflect  .   f - +5 ring of evasion
rCorr    +         Harm     .   t - ring of resist corrosion
MR       .....                  n - ring of stealth
Stlth    +++.......             (no ring)
HPRegen  0.16/turn              (no ring)
MPRegen  0.14/turn              (no ring)
                                (no ring)
                                (no ring)

@: spider-form, very slow
A: tiny, almost no armour, stealthy swim, (amphibious), 8 rings, (constrict 8)
a: End Transformation, Bend Time, Renounce Religion


You were on level 7 of the Dungeon.
You worshipped Cheibriados.
Cheibriados was aware of your devotion.
You were hungry.
You were a venomous arachnid creature.
You visited 1 branch of the dungeon, and saw 7 of its levels.

You collected 310 gold pieces.
You spent 125 gold pieces at shops.

Inventory:

Missiles
 a - 33 arrows
 e - 254 stones (quivered)
 m - 51 bolts
 o - 51 sling bullets
 q - 43 poisoned needles
 v - 2 throwing nets
 x - 6 curare-tipped needles
 B - 2 steel tomahawks
Jewellery
 f - a +5 ring of evasion (left front leg)
 n - a ring of stealth (on tentacle)
 t - a ring of resist corrosion (right front leg)
 z - an amulet of guardian spirit (around neck)
Wands
 l - a wand of flame (29)
 p - a wand of disintegration (13)
 s - a wand of polymorph (6)
 C - a wand of scattershot (4)
Scrolls
 b - a scroll of teleportation
 d - a scroll of noise {unknown}
 h - a scroll of identify
 j - a scroll of remove curse
 r - 2 scrolls of amnesia {unknown}
 w - a scroll of immolation {unknown}
 y - 2 scrolls of blinking
Potions
 g - a potion of resistance
 i - a potion of lignification
 k - a potion of agility
 u - a potion of flight
Comestibles
 c - 4 rations


   Skills:
 - Level 1.0 Fighting
 - Level 2.0 Dodging
 + Level 7.9 Unarmed Combat
 - Level 4.0 Spellcasting
 - Level 6.2 Transmutations


You had 9 spell levels left.
You knew the following spells:

 Your Spells              Type           Power        Failure   Level  Hunger
a - Beastly Appendage     Tmut           ####..       5%          1    None
b - Sticks to Snakes      Tmut           ####....     7%          2    ##.....
c - Spider Form           Tmut/Pois      ###.......   28%         3    ###....

Your spell library contained the following spells:

 Spells                   Type           Power        Failure   Level  Hunger
 Blade Hands              Tmut           ####......   50%         5    ######.
 Ice Form                 Ice/Tmut       ###.....     58%         4    ####...


Dungeon Overview and Level Annotations

Branches:
Dungeon (7/15)             Temple (0/1) D:7

Altars:
Cheibriados
Gozag
Makhleb
Trog
Xom

Shops:
D:4 }   D:5 :   D:6 ?

Annotations:
D:6 unseen horror!


Innate Abilities, Weirdness & Mutations

You cannot wear most types of armour.
You are very stealthy in the water. (Stealth+)
((You are amphibious.))
You can wear up to eight rings at the same time.
((You can use your tentacles to constrict eight enemies at once.))
((Your skin changes colour to match your surroundings (Stealth+).))
((Your rubbery body absorbs attacks. (AC +1, EV +1)))


Message History

You hit the orc warrior.
The orc warrior is poisoned.
The orc warrior is moderately wounded.
The orc misses you.
The orc warrior hits you with a hand axe!
You hit the orc warrior but do no damage.
The orc warrior looks as sick as possible!
The orc warrior is moderately wounded.
The orc closely misses you. The orc warrior completely misses you.
You hit the orc warrior.
The orc warrior is heavily wounded.
The orc completely misses you.
You closely miss the orc warrior.
The orc warrior is heavily wounded.
The orc warrior hits you with a hand axe!!
You hit the orc warrior but do no damage.
The orc warrior looks as sick as possible!
The orc warrior is heavily wounded.
The orc completely misses you.
The orc warrior hits you with a hand axe!!
You die...

...).......'......+......))).>...
.......#####......###.#.#####'#'#
...##########.....# #.#.# #.#.#
...#####..........# #.#.## #.###
.......'.)........# #.#..####+###
#....###..........# ##.........
#....###...##.....# #.###.....
+....'.'...##.....# #.## ...
#....###.P..P.##s## #..# #+# #
#....# #...PP.##o# ##.###.#
#....# #..P>PP##o# #..##.# #....#
#...P...#o# ##.##.# #....#
##....P.#o# #.####.##.### #....#
##.#..................... #####
#.##....####......##.### #.##.#
#............


oo. ... .............. You could see an orc warrior and 3 orcs.

Vanquished Creatures
  2 ice beasts
  An orc warrior (D:7)
  A centaur (D:7)
  2 ogres (D:6)
  4 killer bees (D:7)
  A howler monkey (D:5)
  A crimson imp (D:7)
  2 hounds
  An orc wizard (D:7)
  An orc priest (D:4)
  An iguana (D:4)
  5 worker ants
  A hound skeleton (D:6)
  A hound zombie (D:7)
  A river rat (D:7)
  9 adders
  4 shadow imps
  2 adder zombies (D:6)
  2 worms (D:4)
  5 leopard geckos
  26 orcs
  3 bats
  4 giant cockroaches
  4 hobgoblins
  11 jackals
  12 kobolds
  4 quokkas
  A ball python (D:1)
  5 frilled lizards
  7 goblins
  A jackal zombie (D:5)
  A leopard gecko zombie (D:5)
  A quokka skeleton (D:7)
  7 rats
134 creatures vanquished.

Notes
Turn   | Place    | Note
-------+----------+-------------------------------------------
     0 | D:1      | MisterFreud the Octopode Transmuter began the quest for the Orb.
     0 | D:1      | Reached XP level 1. HP: 13/13 MP: 3/3
   171 | D:1      | Reached XP level 2. HP: 17/18 MP: 5/5
   284 | D:1      | Learned a level 2 spell: Sticks to Snakes
   288 | D:1      | Reached skill level 4 in Unarmed Combat
   442 | D:1      | Reached XP level 3. HP: 21/23 MP: 6/6
   636 | D:1      | Learned a level 3 spell: Spider Form
  1155 | D:2      | Reached XP level 4. HP: 28/28 MP: 7/7
  1605 | D:3      | Reached skill level 5 in Unarmed Combat
  1672 | D:3      | Found a bloodstained altar of Trog.
  2186 | D:3      | Reached XP level 5. HP: 33/33 MP: 8/8
  2506 | D:4      | Reached skill level 6 in Unarmed Combat
  2788 | D:4      | Found Zaaz's Gadget Shop.
  2877 | D:4      | Found a burning altar of Makhleb.
  3021 | D:5      | Entered Level 5 of the Dungeon
  3162 | D:4      | Reached XP level 6. HP: 32/38 MP: 9/9
  3346 | D:5      | Found Kuysatu's Book Boutique.
  3736 | D:5      | Found a bloodstained altar of Trog.
  4066 | D:6      | Found Posiumej's Magic Scroll Shoppe.
  4068 | D:6      | Bought a scroll of teleportation for 30 gold pieces
  4068 | D:6      | Bought a scroll of blinking for 75 gold pieces
  4068 | D:6      | Bought a scroll of identify for 20 gold pieces
  4074 | D:6      | Noticed an ice beast
  4088 | D:6      | Killed an ice beast
  4088 | D:6      | Reached XP level 7. HP: 43/43 MP: 6/12
  4190 | D:6      | Found an opulent altar of Gozag.
  4361 | D:6      | Reached skill level 5 in Transmutations
  4924 | D:7      | Found a shimmering altar of Xom.
  4940 | D:7      | Found a snail-covered altar of Cheibriados.
  4972 | D:7      | Became a worshipper of Cheibriados the Contemplative
  5054 | D:7      | Reached XP level 8. HP: 35/48 MP: 7/14
  5100 | D:7      | Reached skill level 7 in Unarmed Combat
  5686 | D:7      | Reached * piety under Cheibriados
  5761 | D:7      | Found a staircase to the Ecumenical Temple.
  6029 | D:7      | Slain by an orc warrior

Vault maps used:
D:1:      dpeg_chamrin_arrival_tetris
D:2:      first_ration, feat_on_display
D:3:      bloody_trog
D:4:      serial_shops, shop_statue, makhleb_heckhound_becter
D:5:      serial_shops, shop, trog_hazing_becter
D:6:      serial_shops, shop_statue, grunt_gozag_statues
D:7:      chequers_temple_overflow_statue_of_worship,
          minmay_temple_entry_overgrown, grunt_ashenzari_visionary

Skill      XL: |  1  2  3  4  5  6  7  8 |
---------------+-------------------------+-----
Unarmed Combat | 4 5 6 7 |  7.9
Transmutations | 4 6 |  6.2
Spellcasting   | 3 4 |  4.0
Fighting       | |  1.0
Dodging        | |  2.0

Action                   |  1- 3 |  4- 6 |  7- 9 || total
-------------------------+-------+-------+-------++-------
Melee: Unarmed           |    89 |   162 |   119 ||   370
       Constrict         |    19 |    38 |    18 ||    75
       Tentacles         |    13 |    22 |    11 ||    46
       Punch             |     2 |     4 |     5 ||    11
 Cast: Sticks to Snakes  |     3 |     2 |       ||     5
       Spider Form       |       |     1 |     5 ||     6
Evoke: Wand              |       |       |     4 ||     4
  Use: Scroll            |       |     4 |     4 ||     8
       Potion            |       |       |     3 ||     3
 Stab: Sleeping          |     3 |     7 |     4 ||    14
       Distracted        |     1 |       |       ||     1
  Eat: Chunk             |     1 |     8 |     4 ||    13
       Ration            |       |       |     1 ||     1
Armor: Skin              |     6 |     3 |     6 ||    15
Dodge: Dodged            |    70 |   120 |    89 ||   279

Table legend:
 A = Spawn XP
 B = Non-spawn XP
 C = Spawn XP percentage of total XP
 D = Spawn monster count
 E = Non-spawn monster count
 F = Spawn count percentage of total count
 G = Total turns spent on level
                    A         B        C        D         E        F      G
               +---------+---------+-------+---------+---------+-------+---------
         Total |       0 |    1872 |   0.0 |       0 |     134 |   0.0 |  6029
               +---------+---------+-------+---------+---------+-------+---------
           D:1 |       0 |      49 |   0.0 |       0 |      28 |   0.0 |   924
           D:2 |       0 |      46 |   0.0 |       0 |      14 |   0.0 |   640
           D:3 |       0 |      72 |   0.0 |       0 |      21 |   0.0 |   700
           D:4 |       0 |     188 |   0.0 |       0 |      13 |   0.0 |   907
           D:5 |       0 |     199 |   0.0 |       0 |      20 |   0.0 |   804
           D:6 |       0 |     477 |   0.0 |       0 |      12 |   0.0 |   943
           D:7 |       0 |     841 |   0.0 |       0 |      26 |   0.0 |  1111
               +---------+---------+-------+---------+---------+-------+---------
